 Dungeon Crawl Stone Soup version 0.31.0-11-ge490571c62 (webtiles) character file.

Game seed: 5431431893706295378

2824 Zeor the Skirmisher (level 9, -10/83 HPs)
             Began as a Minotaur Hunter on Jan 30, 2024.
             Was an Initiate of Okawaru.
             Mangled by a two-headed ogre
             ... wielding a +0 giant spiked club
              (27 damage)
             ... on level 8 of the Dungeon.
             The game lasted 00:18:58 (8096 turns).

Zeor the Skirmisher (Minotaur Hunter)               Turns: 8096, Time: 00:18:58

Health: -10/83     AC: 10    Str: 16    XL:     9   Next: 45%
Magic:  0/9        EV: 13    Int:  6    God:    Okawaru [......]
Gold:   355        SH:  0    Dex: 18    Spells: 8/8 levels left

rFire   . . .        a - +0 shortbow
rCold   . . .        (shield currently unavailable)
rNeg    . . .        n - +1 leather armour {rPois}
rPois   +            (helmet restricted)
rElec   .            s - +0 cloak
rCorr   .            w - +0 pair of gloves
SInv    +            (no boots)
Will    .....        f - amulet of guardian spirit
Stlth   ++           i - ring of see invisible
HPRegen 0.33/turn    q - +4 ring of protection
MPRegen 0.11/turn

%: guardian spirit
@: no status effects
A: horns 2, retaliatory headbutt
a: Renounce Religion


You were on level 8 of the Dungeon.
You worshipped Okawaru.
Okawaru was noncommittal.
You visited 2 branches of the dungeon, and saw 9 of its levels.

You collected 355 gold pieces.

Inventory:

Hand Weapons
 a - a +0 shortbow (weapon)
 b - a +0 battleaxe
 c - a +0 hand axe
 z - a +1 short sword of electrocution
 A - a +0 trident of flaming
Missiles
 k - an atropa-tipped dart
Armour
 n - a +1 leather armour of poison resistance (worn)
 s - a +0 cloak (worn)
 w - a +0 pair of gloves (worn)
Jewellery
 f - an amulet of guardian spirit (around neck)
 i - a ring of see invisible (left hand)
 q - a +4 ring of protection (right hand)
Talismans
 d - a flux talisman
Wands
 u - a wand of roots (5)
 y - a wand of charming (8)
Scrolls
 e - a scroll of revelation
 h - a scroll of poison
 l - 3 scrolls of teleportation
 o - a scroll of blinking
 r - 2 scrolls of butterflies
 v - 2 scrolls of identify
 x - a scroll of vulnerability
Potions
 g - a potion of magic
 j - 2 potions of cancellation
 m - a potion of might
 p - 2 potions of curing
 t - a potion of ambrosia


   Skills:
 * Level 9.3 Fighting
 + Level 0.1 Short Blades
 + Level 11.2 Ranged Weapons
 + Level 0.3 Throwing
 + Level 3.9 Armour
 + Level 3.2 Dodging
 + Level 1.7 Stealth
 * Level 1.5 Invocations


You had 8 spell levels left.
You didn't know any spells.
Your spell library contained the following spells:

 Spells                   Type           Power      Damage    Failure   Level
 Scorch                   Fire           0%         2d5       65%         2
 Flame Wave               Conj/Fire      0%         2d4       99%         4
 Summon Cactus Giant      Summ           Unusable   N/A       N/A         6

Dungeon Overview and Level Annotations

Branches:
Dungeon (8/15)             Temple (1/1) D:7
   Lair: D:8-11

Altars:
Ashenzari
Cheibriados
Dithmenos
Elyvilon
Fedhas
Kikubaaqudgha
Makhleb
Nemelex Xobeh
Okawaru
Qazlal
Ru
Trog
Uskayaw
Vehumet
Wu Jian
Xom
Yredelemnul
Zin
The Shining One


Innate Abilities, Weirdness & Mutations

You have a pair of horns on your head.
You reflexively headbutt those who attack you in melee.


Message History

The two-headed ogre is heavily wounded.
You shoot an arrow. The arrow hits the two-headed ogre.
The two-headed ogre is heavily wounded.
The two-headed ogre hits you with a +0 giant spiked club.
The two-headed ogre hits you with a +0 giant club!
You shoot an arrow.
The arrow barely misses the two-headed ogre.
You shoot an arrow.
The arrow hits the two-headed ogre but does no damage.
The two-headed ogre is heavily wounded.
The two-headed ogre barely misses you. You furiously retaliate!
You headbutt the two-headed ogre, but do no damage.
The two-headed ogre barely misses you.
You shoot an arrow. The arrow hits the two-headed ogre.
The two-headed ogre is heavily wounded.
You shoot an arrow.
The arrow hits the two-headed ogre but does no damage.
The two-headed ogre is heavily wounded.
The two-headed ogre hits you with a +0 giant spiked club!!
The two-headed ogre barely misses you.
You shoot an arrow. The arrow hits the two-headed ogre.
The two-headed ogre is heavily wounded.
You shoot an arrow.
The arrow hits the two-headed ogre but does no damage.
The two-headed ogre is heavily wounded.
The two-headed ogre closely misses you. You furiously retaliate!
You headbutt the two-headed ogre.
The two-headed ogre hits you with a +0 giant club.
You shoot an arrow.
The arrow hits the two-headed ogre but does no damage.
The two-headed ogre is severely wounded.
The two-headed ogre hits you with a +0 giant spiked club!!
* * * LOW HITPOINT WARNING * * *
The two-headed ogre misses you.
You shoot an arrow.
The arrow closely misses the two-headed ogre.
You shoot an arrow.
The arrow barely misses the two-headed ogre.
The two-headed ogre hits you with a +0 giant spiked club!!
You die...

▒∙▒▒▒▒∙∙∙∙∙∙▒▒▒∙
∙∙∙∙∙∙∙∙▒▒∙∙∙∙∙∙ ▒
▒∙▒▒▒▒∙▒∙∙∙∙∙∙∙∙ ∙▒▒
▒∙▒ ▒∙▒∙▒∙▒▒▒▒▒ ∙∙ ▒∙▒
▒∙▒∙▒∙▒ ▒∙ ▒∙ ▒∙▒
▒∙∙∙∙∙▒ ▒∙▒▒∙▒▒∙▒
▒▒)∙∙▒▒
▒∙∙∙∙∙∙∙▒▒▒▒▒∙∙∙▒▒▒▒▒▒
▒∙∙∙∙H▒▒∙∙∙▒▒[∙∙∙∙∙∙∙∙
▒∙▒▒∙O▒∙∙▒∙∙∙∙∙∙▒▒▒▒▒∙
▒∙∙∙▒▒▒▒∙∙∙∙∙∙∙∙∙∙
▒∙∙(∙▒▒▒▒▒▒∙∙∙∙∙∙∙∙
∙∙∙∙(▒▒▒∙▒▒∙∙∙∙∙∙∙∙∙∙
∙∙∙∙∙▒▒▒÷▒▒▒∙∙∙∙∙∙∙∙∙
▒∙▒∙∙∙▒▒▒▒▒▒∙∙∙∙▒▒▒▒▒▒
▒∙▒∙∙∙∙▒▒▒▒∙∙∙∙∙▒
∙▒∙∙∙∙▒▒∙▒∙∙∙▒


You could see a two-headed ogre.

Vanquished Creatures
  A two-headed ogre (D:7)
  3 water moccasins (D:7)
  An ice beast (D:5)
  A black bear (D:6)
  2 ogres (D:5)
  4 sky beasts
  A centaur (D:8)
  A phantom (D:5)
  3 bullfrogs
  4 scorpions
  A gnoll sergeant (D:6)
  A wight (D:8)
  3 orc priests
  A bombardier beetle (D:5)
  3 iguanas
  A sleepcap (D:4)
  An orc wizard (D:5)
  Robin (D:3)
  10 gnolls (D:6)
  5 adders
  5 white imps
  A ribbon worm (D:3)
  3 dart slugs
  15 orcs
  2 ball pythons
  6 endoplasms
  A giant cockroach (D:1)
  17 goblins
  2 hobgoblins
  2 jackals (D:5)
  6 quokkas (D:1)
  6 bats
  3 frilled lizards
  9 kobolds
  2 rats
128 creatures vanquished.

Notes
Turn   | Place    | Note
-------+----------+-------------------------------------------
     0 | D:1      | Zeor the Minotaur Hunter began the quest for the Orb.
     0 | D:1      | Reached XP level 1. HP: 18/18 MP: 0/0
     3 | D:1      | Noticed an electric eel
     4 | D:1      | Noticed an electric eel
   169 | D:1      | Reached XP level 2. HP: 25/25 MP: 1/1
   557 | D:1      | Reached skill level 5 in Ranged Weapons
   745 | D:2      | Reached XP level 3. HP: 11/31 MP: 2/2
   849 | D:2      | You fall into a shaft and drop 2 floors!
  1160 | D:4      | Found Wienof's Book Emporium.
  1211 | D:4      | Reached XP level 4. HP: 23/39 MP: 3/3
  1384 | D:4      | Reached skill level 1 in Armour
  1532 | D:4      | Found a blossoming altar of Fedhas.
  1645 | D:3      | Noticed Robin
  1662 | D:4      | Found a white marble altar of Elyvilon.
  1662 | D:4      | Found a glowing golden altar of the Shining One.
  1668 | D:4      | Found a glowing silver altar of Zin.
  3306 | D:3      | Found a sparkling altar of Nemelex Xobeh.
  3307 | D:3      | Found a shimmering altar of Xom.
  3308 | D:3      | Found a broken altar of Ashenzari.
  3336 | D:3      | Reached XP level 5. HP: 46/46 MP: 4/4
  3366 | D:3      | Found a stormy altar of Qazlal.
  3366 | D:3      | Noticed a sky beast
  3374 | D:3      | Killed a sky beast
  3375 | D:3      | Reached skill level 6 in Ranged Weapons
  3689 | D:3      | Found a faded altar of an unknown god.
  3908 | D:3      | Killed Robin
  4544 | D:5      | Entered Level 5 of the Dungeon
  4579 | D:5      | Noticed an ogre
  4587 | D:5      | Killed an ogre
  4588 | D:5      | Reached skill level 5 in Fighting
  4588 | D:5      | Reached skill level 1 in Stealth
  4588 | D:5      | Reached XP level 6. HP: 56/56 MP: 5/5
  4833 | D:5      | Noticed an ice beast
  4845 | D:5      | Killed an ice beast
  4846 | D:5      | Reached skill level 7 in Ranged Weapons
  5262 | D:5      | Reached XP level 7. HP: 49/62 MP: 4/6
  5785 | D:5      | Reached skill level 8 in Ranged Weapons
  6231 | D:6      | Reached XP level 8. HP: 17/71 MP: 2/7
  6374 | D:6      | Reached skill level 9 in Ranged Weapons
  6634 | D:6      | Found a basalt altar of Yredelemnul.
  7141 | D:7      | Noticed a two-headed ogre
  7155 | D:7      | Killed a two-headed ogre
  7156 | D:7      | Reached skill level 10 in Ranged Weapons
  7156 | D:7      | Reached XP level 9. HP: 16/82 MP: 1/8
  7506 | D:7      | Found a staircase to the Ecumenical Temple.
  7559 | Temple   | Entered the Ecumenical Temple
  7598 | Temple   | Became a worshipper of Warmaster Okawaru
  7664 | D:7      | Reached skill level 1 in Invocations
  7838 | D:7      | Reached skill level 11 in Ranged Weapons
  8080 | D:8      | Noticed a two-headed ogre
  8096 | D:8      | Mangled by a two-headed ogre

Illustrated notes

Levels and vault maps discovered:
D:1:      arrival_aquarium_b, layout_loops_ring
D:2:      layout_loops_ring
D:3:      layout_loops_ring, minitemple, nicolae_qazlal_beasts_of_the_sky,
          serial_bayou, serial_bayou_lagoon_a, serial_bayou_lake_a,
          serial_bayou_lagoon_b, serial_bayou_pond_a, serial_bayou_crossing,
          chequers_ecumenical_altar_island, uniq_robin
D:4:      layout_layer_cave, good_gods_mini_temple, fedhas_altar_3,
          serial_shops, nicolae_shop_window_shopping
D:5:      cheibrodos_quashed, layout_cave_pods
D:6:      layout_cave_pools, mainiacjoe_overflow_alcove_2
D:7:      layout_cave_pools, minmay_temple_entry_large_hall
D:8:      layout_loops_cross, lemuel_doored_altar, hellmonk_ghost_big_iron,
          mumra_transporter_accident, uniq_maurice
Temple:   hellmonk_temple_beads

Skill      XL: |  1  2  3  4  5  6  7  8  9 |
---------------+----------------------------+-----
Ranged Weapons | 5 6 7 8 10 11 | 11.2
Fighting       | 3 4 5 6 8 9 |  9.3
Armour         | 1 2 3 |  3.9
Stealth        | 1 |  1.7
Dodging        | 3 |  3.2
Invocations    | 1 |  1.5
Short Blades   | |  0.1
Throwing       | |  0.3

Action                     |  1- 3 |  4- 6 |  7- 9 || total
---------------------------+-------+-------+-------++-------
  Melee: Short sword       |       |       |     9 ||     9
         Headbutt          |       |       |     2 ||     2
   Fire: Shortbow          |    86 |   200 |   271 ||   557
  Throw: Dart              |       |       |     4 ||     4
    Use: Scroll            |     2 |     6 |     6 ||    14
         Potion            |       |     8 |     2 ||    10
 Armour: Leather armour    |    36 |    58 |   101 ||   195
  Dodge: Dodged            |    40 |    49 |    82 ||   171
